Match 46186474
Unlisted

Match 46186474
End
Panzerpioneer Squad
Selects Panzerjäger Kommand Battlegroup
Selects Blockade Equipment
250 Light Carrier
Panzerpioneer Squad
Construct Light Support Kompanie
Combat Half-tracks
MG34 Team
Panzerpioneer Squad
Panzerjäger Squad
Selects Tank Busters
Construct Mechanized Kompanie
Support Armor Elements
le.IG 18 Mechanized Group
Selects Defensive Positions
Pak 38 Anti-tank Gun Team
2.5-tonne Medical Truck
Assault Mechanized Group
Construct Panzerarmee Kommand
Selects Butterfly Bomb Drop
Butterfly Bomb Drop
Assault Grenadier Squad
不吃香菜
byronwu
Esxile
Otto Karius
0
0

Comments sign in to comment!

No comments posted yet!